 Dungeon Crawl Stone Soup version 0.27.0-1-g7a089689b8 (webtiles) character file.

Game seed: 11075697405773939325

55 dtburroughs the Chopper (level 3, -2/49 HPs)
             Began as a Minotaur Berserker on Aug 4, 2021.
             Was a Believer of Trog.
             Slain by a worm (4 damage)
             ... on level 2 of the Dungeon.
             The game lasted 00:02:20 (1715 turns).

dtburroughs the Chopper (Minotaur Berserker)        Turns: 1715, Time: 00:02:21

Health: -2/49      AC:  5    Str: 21    XL:     3   Next: 67%
Magic:  2/2        EV: 11    Int:  5    God:    Trog [**....]
Gold:   66         SH:  0    Dex:  9    Spells: 2/2 levels left

rFire    . . .     SeeInvis .   a - +0 hand axe
rCold    . . .     Faith    .   (no shield)
rNeg     . . .     Spirit   .   d - +0 ring mail
rPois    .         Reflect  .   (helmet restricted)
rElec    .         Harm     .   (no cloak)
rCorr    .         Rampage  .   (no gloves)
Will     .....                  (no boots)
Stlth    ..........             (no amulet)
HPRegen  0.16/turn              (no ring)
MPRegen  0.08/turn              (no ring)

@: berserking, very quick
A: horns 2, retaliatory headbutt
a: Renounce Religion, Berserk, Trog's Hand


You were on level 2 of the Dungeon.
You worshipped Trog.
Trog was pleased with you.
You visited 1 branch of the dungeon, and saw 2 of its levels.

You collected 66 gold pieces.

Inventory:

Hand Weapons
 a - a +0 hand axe (weapon)
Armour
 b - a +0 animal skin
 d - a +0 ring mail (worn)
Scrolls
 c - a scroll of identify {unknown}
 f - a scroll of amnesia {unknown}
Potions
 e - a potion of haste {unknown}
 g - a potion of attraction {unknown}
 h - a potion of might {unknown}


   Skills:
 + Level 4.2 Fighting
 + Level 4.2 Axes
 + Level 3.1 Armour
 + Level 2.9 Dodging


You had 2 spell levels left.
You didn't know any spells.
Your spell library was empty.

Dungeon Overview and Level Annotations

Branches:
Dungeon (2/15)

Altars:


Innate Abilities, Weirdness & Mutations

You have a pair of horns on your head.
You reflexively headbutt those who attack you in melee.


Message History

Trog accepts your kill.
You see here a +0 club.
Found a knobbly smoking staff.
Found an escape hatch in the ceiling.
You see here a staff of conjuration.
There is an escape hatch in the ceiling here.
There is an escape hatch in the ceiling here.
A worm comes into view.
You hit the worm but do no damage. You headbutt the worm.
The worm is moderately wounded.
The worm bites you!
You barely miss the worm.
The worm is moderately wounded.
You barely miss the worm.
The worm is moderately wounded.
The worm bites you.
You hit the worm but do no damage.
The worm is moderately wounded.
The worm bites you.
You hit the worm but do no damage. Your headbutt misses the worm.
The worm is lightly wounded.
You barely miss the worm.
You headbutt the worm, but do no damage.
The worm is lightly wounded.
The worm barely misses you.
You hit the worm.
The worm is moderately wounded.
You barely miss the worm. You headbutt the worm!
The worm is severely wounded.
The worm bites you!
* * * LOW HITPOINT WARNING * * *
You hit the worm.
The worm is almost dead.
The worm bites you.
* * * LOW HITPOINT WARNING * * *
You hit the worm. Your headbutt misses the worm.
The worm is almost dead.
A red film seems to cover your vision as you go berserk!
You feel yourself moving faster!
You feel mighty! The worm bites you.
You die...

.......####..###.
#.###
#####..####..#
#...#
...).........#
###.#
###########.##
#.# # ...# #.# #
#..#### #.# #
##..(.#### #.# #
#...w....# #.#
#@##.#######.#
###
#.##.#.......#
..######
#.....|#######
.<.....# ####.###
#.####.#
#.#####<# #.# #.#
#.......#
#.####.###
#########
..##.....#
####.###.#


You could see a worm.

Vanquished Creatures
  2 adders (D:2)
  A dart slug (D:1)
  2 endoplasms
  3 giant cockroaches
  5 goblins
  2 hobgoblins (D:1)
  3 jackals (D:1)
  A kobold (D:1)
  A quokka (D:2)
  5 ball pythons
  4 bats
  5 rats
34 creatures vanquished.

Notes
Turn   | Place    | Note
-------+----------+-------------------------------------------
     0 | D:1      | dtburroughs the Minotaur Berserker began the quest for the
                  | Orb.
     0 | D:1      | Reached XP level 1. HP: 19/19 MP: 0/0
   174 | D:1      | Reached XP level 2. HP: 12/27 MP: 1/1
   718 | D:1      | Reached ** piety under Trog
  1087 | D:1      | Found a faded altar of an unknown god.
  1421 | D:2      | Reached XP level 3. HP: 30/33 MP: 2/2
  1713 | D:2      | HP: 1/33 [worm (6)]
  1715 | D:2      | Slain by a worm

Illustrated notes

Levels and vault maps discovered:
D:1:      saegor_arrival_simple_d, layout_basic,
          shapermc_ecumenical_altar_petra, st_stairs_7
D:2:      layout_loops_cross

Skill      XL: |  1  2 |
---------------+-------+-----
Fighting       | 4 |  4.2
Axes           | 4 |  4.2
Armour         | 3 |  3.1
Dodging        | |  2.9

Action                   || total
-------------------------++-------
Melee: Hand axe          ||    80
       Headbutt          ||    10
Invok: Berserk           ||     1
Armor: Animal skin       ||     9
       Ring mail         ||    18
Dodge: Dodged            ||    39
